[Event "Bratislava Centenary Championship"]
[Site "Bratislava"]
[Date "2019.05.17"]
[Round "9.2"]
[White "Kralovic, Andrej"]
[Black "Schwarz, Dusan"]
[Result "0-1"]
[ECO "B20"]
[WhiteElo "2253"]
[BlackElo "2326"]
[Annotator "NA RC"]
[PlyCount "82"]
[EventDate "2019.05.10"]
[EventType "tourn"]
[EventCountry "SVK"]
[SourceTitle "playchess.com"]
[Source "ChessBase"]
[SourceQuality "1"]
[TimeControl "40/5400+30:1800+30"]

1. e4 c5 2. b3 g6 (2... Nc6 3. Bb2 e5 4. Nf3 d6 5. Bc4 Be7 6. O-O Nh6 7. c3 O-O 8. d4 Qc7 9. Na3 Kh8 10. Nc2 f5 11. exf5 Nxf5 12. dxe5 dxe5 13. Qe2 Nd6 {½-½ (64) Vachier Lagrave,M (2780)-Maze,S (2596) chess.com INT 2019}) 3. Bb2 Nf6 4. e5 Nd5 5. g3 Bg7 6. Bg2 {[%emt 0:00:15] B20: Sicilian: Unusual White 2nd moves} Nc7 7. f4 d6 8. Nf3 Nc6 9. Qe2 O-O 10. O-O $146 ({Predecessor:} 10. Na3 Bg4 11. h3 Bxf3 12. Bxf3 {0-1 (61) Hanak,T (1771)-Zwardon,V (2397) Karvina 2017}) 10... Bg4 11. h3 Bxf3 12. Bxf3 Ne6 13. Qg2 (13. Bxc6 $1 $11 bxc6 14. Na3) 13... Ned4 14. Bxd4 Nxd4 ({Reject} 14... cxd4 $6 15. exd6 Rc8 16. dxe7 $11) 15. Be4 dxe5 16. Nc3 exf4 17. gxf4 Rb8 18. f5 b6 19. Kh1 e6 20. fxg6 hxg6 21. Rae1 Qh4 22. Ne2 Nf5 23. Rg1 Rbd8 24. Bd3 Qh6 25. Bxf5 exf5 26. d3 Rde8 27. Ng3 Kh7 28. Rgf1 Re3 29. Rxe3 Qxe3 30. Rf3 Qg5 31. Qe2 Bd4 32. Qf1 Qh4 33. Kh2 Re8 34. Rf4 Qe7 35. Kg2 Be5 36. Rf3 Qg5 37. Kh2 Bd6 38. Qg2 Re3 39. Rxe3 Qxe3 40. h4 f4 41. Nf1 f3+ 0-1

[Event "Bratislava Centenary Championship"]
[Site "Bratislava"]
[Date "2019.05.17"]
[Round "9.3"]
[White "Pacher, Milan"]
[Black "Kostolansky, Sebastian Lukas"]
[Result "1/2-1/2"]
[ECO "E90"]
[WhiteElo "2396"]
[BlackElo "2323"]
[Annotator "RC"]
[PlyCount "117"]
[EventDate "2019.05.10"]
[EventType "tourn"]
[EventCountry "SVK"]
[SourceTitle "playchess.com"]
[Source "ChessBase"]
[SourceQuality "1"]
[TimeControl "40/5400+30:1800+30"]

1. d4 Nf6 2. c4 g6 3. Nc3 Bg7 4. e4 d6 5. Nf3 O-O 6. h3 Nbd7 7. Be3 e5 8. d5 Nc5 9. Nd2 a5 10. g4 c6 11. Qc2 Bd7 12. O-O-O cxd5 13. cxd5 Rc8 14. Kb1 Na4 15. Nc4 Nxc3+ 16. bxc3 b5 17. Nxd6 Rb8 18. g5 Nh5 19. a4 bxa4+ 20. Ka2 Qc7 21. Nc4 Rb3 22. d6 Qc6 23. Rd5 Rfb8 24. Rc5 Qb7 25. Rc7 Rxc3 26. Rxb7 Rxc2+ 27. Kb1 Rxb7+ 28. Kxc2 Nf4 29. Nxa5 Rb8 30. Bc4 Ne6 31. Bd5 Nd4+ 32. Bxd4 exd4 33. Nc4 Kf8 34. h4 Rb3 35. f4 Bb5 36. Ne5 d3+ 37. Kd2 Rb2+ 38. Ke3 Re2+ 39. Kd4 d2 40. Rd1 a3 41. Kc5 Ba4 42. Kb6 a2 43. Bxa2 Rxe4 44. Rxd2 Rxf4 45. Nc6 Bxc6 46. Kxc6 Bc3 47. Rd5 Rf5 48. Rxf5 gxf5 49. Bb1 Kg7 50. Bxf5 h6 51. d7 Ba5 52. gxh6+ Kxh6 53. Bg4 f5 54. Bf3 Bd8 55. h5 Kg7 56. Kd6 Kf6 57. Bd1 Be7+ 58. Kc7 Kg7 59. Kc6 1/2-1/2